 Dungeon Crawl Stone Soup version 0.22-a0-617-g6d95e9e (webtiles) character file.

189 sking99 the Slasher (level 5, -4/46 HPs)
             Began as a Draconian Warper on July 12, 2018.
             Slain by a black bear (7 damage)
             ... on level 3 of the Dungeon.
             The game lasted 00:04:32 (1966 turns).

sking99 the Slasher (Draconian Warper)              Turns: 1966, Time: 00:04:33

Health: -4/46      AC:  6    Str: 13    XL:     5   Next: 40%
Magic:  5/8        EV: 12    Int: 14    God:
Gold:   135        SH:  0    Dex: 11    Spells: 4/8 levels left

rFire    . . .     SeeInvis .   r - +0 long sword
rCold    . . .     Gourm    .   (no shield)
rNeg     . . .     Faith    .   (armour unavailable)
rPois    .         Spirit   .   (helmet restricted)
rElec    .         Reflect  .   i - +0 cloak
rCorr    .         Harm     .   (no gloves)
MR       .....                  (no boots)
Stlth    +.........             (no amulet)
HPRegen  0.15/turn              (no ring)
MPRegen  0.11/turn              (no ring)

@: very slightly contaminated
A: unfitting armour, cold-blooded, AC +5
a: no special abilities


You were on level 3 of the Dungeon.
You were hungry.

You visited 1 branch of the dungeon, and saw 3 of its levels.

You collected 135 gold pieces.

Inventory:

Hand Weapons
 a - a +0 falchion
 r - a +0 long sword (weapon)
Missiles
 d - 5 tomahawks of dispersal (quivered)
 t - 3 tomahawks
Armour
 i - a +0 cloak (worn)
Wands
 v - a wand of enslavement (5)
Scrolls
 b - 2 scrolls of enchant weapon {unknown}
 c - a scroll of blinking
 k - a scroll of enchant armour {unknown}
 m - a scroll of identify {unknown}
 n - 2 scrolls of teleportation {unknown}
 o - 2 scrolls of amnesia {unknown}
Potions
 e - a potion of brilliance {unknown}
 g - a potion of curing {unknown}
 h - a potion of lignification {unknown}
 j - a potion of invisibility {unknown}
 l - 2 potions of agility {unknown}
 p - 2 potions of cancellation {unknown}
 q - a potion of might {unknown}
 s - a potion of haste {unknown}
 u - a potion of heal wounds {unknown}
Comestibles
 f - 3 rations


   Skills:
 + Level 3.6 Fighting
 * Level 4.4 Long Blades
 - Level 0.8 Throwing
 - Level 2.1 Dodging
 - Level 2.0 Spellcasting
 + Level 3.7 Translocations


You had 4 spell levels left.
You knew the following spells:

 Your Spells              Type           Power        Failure   Level  Hunger
a - Blink                 Tloc           N/A          8%          2    ###....
b - Shroud of Golubria    Chrm/Tloc      #.........   17%         2    ###....

Your spell library contained the following spells:

 Spells                   Type           Power        Failure   Level  Hunger
 Teleport Other           Tloc           ##......     16%         3    ####...
 Passage of Golubria      Tloc           N/A          45%         4    #####..
 Gell's Gravitas          Tloc           ##........   16%         3    ####...
 Lesser Beckoning         Tloc           ##........   16%         3    ####...


Dungeon Overview and Level Annotations

Branches:
Dungeon (3/15)

Altars:
Vehumet


Innate Abilities, Weirdness & Mutations

Your plain brown scales are hard. (AC +5)
You cannot fit into any form of body armour.
You are cold-blooded and may be slowed by cold attacks.


Message History

The black bear is almost dead.
The black bear bites you! The black bear closely misses you.
The black bear claws you.
You barely miss the black bear.
The black bear is almost dead.
The black bear bites you! The black bear claws you!
* * * LOW HITPOINT WARNING * * *
The black bear misses you. The black bear closely misses you.
You riposte.
You hit the black bear.
Your tail-slap misses the black bear.
The black bear is almost dead.
The black bear claws you but does no damage. x2
You barely miss the black bear.
The black bear is almost dead.
The black bear closely misses you.
You riposte.
You barely miss the black bear.
The black bear is almost dead.
The black bear claws you.
* * * LOW HITPOINT WARNING * * *
The black bear claws you but does no damage.
The black bear barely misses you. x2; The black bear claws you!
You die...

.#.#.#.#.......#.#.......#
...#.#..##.......#####.#..#
...#........##.....[...##.#
....#####....##.##.##...#.#
....# ##....##..#[####.#.#
..#.# #............# #[..##
....# #.......##...###....#
....## #.......###.........#
.......#........@h....#.##..#
................#####.#.#
#..# .####.#........## #.#.#
...# .. #.......<...#####.>.#
..# . .................#...#
.# #########...####......
##..... ....## ######


You could see a black bear (berserk).

Vanquished Creatures
  A jelly (D:3)
  Natasha (thrice) (D:2)
  3 adders
  A worm (D:2)
  A dart slug (D:1)
  4 orcs (D:3)
  4 bats (D:1)
  2 giant cockroaches (D:1)
  5 goblins
  5 hobgoblins
  3 jackals (D:1)
  5 kobolds
  A ball python (D:3)
  3 frilled lizards
  9 rats
50 creatures vanquished.

Notes
Turn   | Place    | Note
-------+----------+-------------------------------------------
     0 | D:1      | sking99 the Draconian Warper began the quest for the Orb.
     0 | D:1      | Reached XP level 1. HP: 17/17 MP: 3/3
   237 | D:1      | Reached XP level 2. HP: 25/25 MP: 5/5
   307 | D:1      | Learned a level 2 spell: Blink
   315 | D:1      | Learned a level 2 spell: Shroud of Golubria
   564 | D:1      | Reached skill level 3 in Long Blades
   603 | D:1      | Reached XP level 3. HP: 25/30 MP: 6/6
   843 | D:2      | Noticed Natasha
   857 | D:2      | Killed Natasha
   979 | D:2      | Reached XP level 4. HP: 38/38 MP: 4/7
  1056 | D:2      | Found a radiant altar of Vehumet.
  1098 | D:2      | Noticed Natasha
  1115 | D:2      | Killed Natasha
  1291 | D:2      | Noticed Natasha
  1304 | D:2      | Killed Natasha
  1304 | D:2      | Reached skill level 4 in Long Blades
  1500 | D:3      | Reached XP level 5. HP: 33/45 MP: 8/8
  1724 | D:3      | Noticed a black bear
  1966 | D:3      | Slain by a black bear

Vault maps used:
D:1:      dpeg_arrival_arbitrary_b, minmay_box_of_dots
D:2:      vehumet_crystals, corexii_corridor_pit, uniq_natasha
D:3:      marbit_many_paths, minitemple

Skill      XL: |  1  2  3  4 |
---------------+-------------+-----
Long Blades    | 3 4 |  4.4
Fighting       | 3 |  3.6
Throwing       | |  0.8
Dodging        | |  2.1
Spellcasting   | |  2.0
Translocations | |  3.7

Action                   |  1- 3 |  4- 6 || total
-------------------------+-------+-------++-------
Melee: Falchion          |    83 |    73 ||   156
       Tailslap          |     8 |    13 ||    21
       Long sword        |       |    11 ||    11
 Cast: Shroud of Golubri |     3 |     7 ||    10
       Blink             |       |     2 ||     2
 Stab: Sleeping          |     1 |       ||     1
  Eat: Chunk             |     1 |     3 ||     4
Armor: Skin              |    27 |    39 ||    66
Dodge: Dodged            |    74 |    68 ||   142
       Rpst.: Falchion   |    19 |    14 ||    33
       Long sword        |       |     6 ||     6

Table legend:
 A = Spawn XP
 B = Non-spawn XP
 C = Spawn XP percentage of total XP
 D = Spawn monster count
 E = Non-spawn monster count
 F = Spawn count percentage of total count
 G = Total turns spent on level
                    A         B        C        D         E        F      G
               +---------+---------+-------+---------+---------+-------+---------
         Total |       0 |     271 |   0.0 |       0 |      50 |   0.0 |  1966
               +---------+---------+-------+---------+---------+-------+---------
           D:1 |       0 |      47 |   0.0 |       0 |      27 |   0.0 |   839
           D:2 |       0 |     137 |   0.0 |       0 |      14 |   0.0 |   763
           D:3 |       0 |      87 |   0.0 |       0 |       9 |   0.0 |   364
               +---------+---------+-------+---------+---------+-------+---------
